 Dungeon Crawl Stone Soup version 0.25-a0-1002-gbcf8c60d55 (webtiles) character file.

Game seed: 18341121417349669769, levelgen mode: deterministic

233 Barylka the Digger (level 6, -2/32 HPs)
             Began as a Gargoyle Earth Elementalist on May 11, 2020.
             Slain by a gnoll
             ... wielding a +0 halberd
              (6 damage)
             ... on level 4 of the Dungeon.
             The game lasted 00:07:22 (4047 turns).

Barylka the Digger (Gargoyle Earth Elementalist)    Turns: 4047, Time: 00:07:23

Health: -2/32      AC:  7    Str: 12    XL:     6   Next: 5%
Magic:  5/11       EV:  9    Int: 17    God:
Gold:   123        SH:  0    Dex: 10    Spells: 3/12 levels left

rFire    . . .     SeeInvis .   g - +1 mace (vorpal)
rCold    . . .     Gourm    .   (no shield)
rNeg     + . .     Faith    .   c - +1 robe
rPois    ∞         Spirit   .   (no helmet)
rElec    +         Reflect  .   (no cloak)
rCorr    .         Harm     .   (no gloves)
MR       .....                  (no boots)
Stlth    ++........             (no amulet)
HPRegen  0.10/turn              f - ring of wizardry
MPRegen  0.12/turn              j - ring of flight

@: slowed, constricted, very slow
A: negative energy resistance 1, electricity resistance, unbreathing,
petrification resistance, rot immunity, AC +4
a: Evoke Flight


You were on level 4 of the Dungeon.
You were very hungry.

You visited 1 branch of the dungeon, and saw 4 of its levels.

You collected 123 gold pieces.

Inventory:

Hand Weapons
 e - a +0 whip
 g - a +1 vorpal mace (weapon)
 k - a +0 flail
Missiles
 b - 118 stones (quivered)
Armour
 c - a +1 robe (worn)
Jewellery
 f - a ring of wizardry (left hand)
 j - a ring of flight (right hand)
Potions
 a - a potion of lignification {unknown}
 h - a potion of ambrosia {unknown}
 l - 2 potions of stabbing
 m - a potion of mutation {unknown}
 n - a potion of magic {unknown}
 o - a potion of heal wounds {unknown}
 q - 2 potions of brilliance
 r - a potion of invisibility {unknown}
Comestibles
 d - 11 rations


   Skills:
 - Level 1.5 Dodging
 - Level 2.1 Stealth
 + Level 3.7 Spellcasting
 + Level 2.9 Conjurations
   Level 0.7 Transmutations
 + Level 5.6 Earth Magic


You had 3 spell levels left.
You knew the following spells:

 Your Spells              Type           Power        Failure   Level  Hunger
a - Sandblast             Erth           ###...       1%          1    None
b - Stone Arrow           Conj/Erth      ###...       3%          3    ###....
c - Lee's Rapid Deconstr  Erth           ###.......   17%         5    ######.

Your spell library contained the following spells:

 Spells                   Type           Power        Failure   Level  Hunger
 Passwall                 Tmut/Erth      ##......     2%          2    ##.....
 Petrify                  Tmut/Erth      ##......     17%         4    ####...


Dungeon Overview and Level Annotations

Branches:
Dungeon (4/15)
 Temple: D:4-7

Altars:

Annotations:
D:3 exclusion: orc warrior


Innate Abilities, Weirdness & Mutations

You are resistant to torment.
Your stone body is resilient. (AC +4)
You are immune to poison.
You resist negative energy. (rN+)
You are resistant to electric shocks. (rElec)
You can survive without breathing.
You are immune to petrification.
You are immune to rotting.


Message History

Press: ? - help, Shift-Dir - straight line, f - gnoll
Aim: a gnoll, wielding a +0 halberd The blast of sand misses the gnoll.
b - 119 stones The gnoll hits you from afar with a +0 halberd!
* * * LOW HITPOINT WARNING * * *
The ball python bites you but does no damage.
The ball python constricts you.
Unknown command.
Casting: Sandblast (safe; 1% risk of failure)
Confirm with . or Enter, or press ? or * to list all spells.
Aiming: Sandblast (safe; 1% risk of failure)
Press: ? - help, Shift-Dir - straight line, f/p - gnoll
Aim: a gnoll, wielding a +0 halberd The blast of sand hits the gnoll!
The gnoll is almost dead.
b - 118 stones The ball python completely misses you.
The ball python constricts you.
The gnoll hits you from afar with a +0 halberd.
You die...

...!....##.........
..........#......#
#.........#.....# .
##...............## ..
..................#...
...........).........
...........[)....#
.............#..##
...#..<#...###@.#
##..#.#.# #S.#
#.......# ##.g.
.......... .....
.##..##.#... ....## ..
.## #.#.... ..$..# #
.. ...... ....... ##.
#. #.....#


You could see a gnoll and a ball python.

Vanquished Creatures
  An orc priest (D:4)
  3 orc wizards
  2 adders
  A shadow imp (D:3)
  3 oozes
  2 worms (D:2)
  A dart slug (D:1)
  2 leopard geckos
  7 orcs
  4 hobgoblins
  3 jackals (D:1)
  A quokka (D:2)
  10 bats
  3 frilled lizards
  9 goblins
  10 kobolds
  11 rats
73 creatures vanquished.

Notes
Turn   | Place    | Note
-------+----------+-------------------------------------------
     0 | D:1      | Barylka the Gargoyle Earth Elementalist began the quest for
                  | the Orb.
     0 | D:1      | Reached XP level 1. HP: 10/10 MP: 3/3
   257 | D:1      | Reached XP level 2. HP: 10/15 MP: 5/5
   397 | D:1      | Reached skill level 4 in Earth Magic
  1079 | D:1      | Reached XP level 3. HP: 13/19 MP: 7/7
  1084 | D:1      | Learned a level 3 spell: Stone Arrow
  1459 | D:2      | Reached skill level 1 in Conjurations
  1459 | D:2      | Reached XP level 4. HP: 4/24 MP: 5/8
  2783 | D:3      | Reached skill level 5 in Earth Magic
  2886 | D:3      | Reached XP level 5. HP: 26/28 MP: 9/9
  2894 | D:3      | Learned a level 5 spell: Lee's Rapid Deconstruction
  3011 | D:3      | Noticed an orc warrior
  4035 | D:4      | Reached XP level 6. HP: 32/32 MP: 6/11
  4047 | D:4      | Slain by a gnoll

Illustrated notes

Levels and vault maps discovered:
D:1:      tarquinn_simple_flora_water_f, layout_basic
D:2:      layout_loops_ring
D:3:      layout_basic, first_ration
D:4:      layout_cave_pools, nicolae_overflow_crystal_walls,
          overflow_temple_1_default, minmay_temple_entry_tees,
          portal_sewer_entry_a, nicolae_ossuary_entry_monument, serial_shops,
          shop, minmay_ruined_shrine

Skill      XL: |  1  2  3  4 |
---------------+-------------+-----
Earth Magic    | 4 5 |  5.6
Conjurations   | 1 2 |  2.9
Spellcasting   | 3 |  3.7
Dodging        | |  1.5
Stealth        | |  2.1
Transmutations | |  0.7

Action                   |  1- 3 |  4- 6 || total
-------------------------+-------+-------++-------
Melee: Whip              |    40 |       ||    40
       Mace              |    30 |    85 ||   115
Throw: Dart              |       |     3 ||     3
 Cast: Sandblast         |    17 |    29 ||    46
       Stone Arrow       |       |     1 ||     1
  Use: Scroll            |     2 |     3 ||     5
       Potion            |       |     2 ||     2
 Stab: Sleeping          |     3 |     5 ||     8
  Eat: Chunk             |     2 |     7 ||     9
Armor: Robe              |    34 |    53 ||    87
Dodge: Dodged            |    68 |    69 ||   137

Table legend:
 A = Non-vault XP
 B = Vault XP
 C = Vault XP percentage of total XP
 D = Non-vault monster count
 E = Vault monster count
 F = Vault count percentage of total count
                 A         B        C        D         E       F
            +---------+---------+-------+---------+---------+-------
      Total |     334 |       0 |   0.0 |      73 |       0 |   0.0
            +---------+---------+-------+---------+---------+-------
        D:1 |      44 |       0 |   0.0 |      25 |       0 |   0.0
        D:2 |     104 |       0 |   0.0 |      27 |       0 |   0.0
        D:3 |      89 |       0 |   0.0 |      16 |       0 |   0.0
        D:4 |      97 |       0 |   0.0 |       5 |       0 |   0.0
            +---------+---------+-------+---------+---------+-------
